 Dungeon Crawl Stone Soup version 0.27.1-1-g398f81649c (webtiles) character file.

Game seed: 5559450583989282522

563 Metae the Skirmisher (level 7, 0/87 (93) HPs)
             Began as a Minotaur Fighter on Sept 13, 2021.
             Was an Initiate of Okawaru.
             Slain by a quasit (1 damage)
             ... on level 3 of the Dungeon.
             The game lasted 00:13:04 (4527 turns).

Metae the Skirmisher (Minotaur Fighter)             Turns: 4527, Time: 00:13:05

HP:   0/87 (93)     AC: 23    Str: 23    XL:     7   Next: 10%
MP:   6/6           EV:  2    Int:  5    God:    Okawaru [......]
Gold: 303           SH:  0    Dex: -7 (9) Spells: 6/6 levels left

rFire    + + .     SeeInvis +   a - +0 trident
rCold    . . .     Faith    .   c - +0 kite shield
rNeg     + + +     Spirit   .   (armour currently unavailable)
rPois    +         Reflect  .   (helmet currently unavailable)
rElec    +         Harm     .   (cloak currently unavailable)
rCorr    +         Rampage  .   (gloves currently unavailable)
Will     .....     NoTele   +   (boots currently unavailable)
Stlth    ..........             (no amulet)
HPRegen  0.24/turn              j - ring of see invisible
MPRegen  0.10/turn              f - ring of fire

@: tree-form, resistant, slowed, lost dexterity, drained, very slow
A: stationary, stasis, torment immunity, boosted hp, (horns 2), (retaliatory
headbutt)
a: Renounce Religion


You were on level 3 of the Dungeon.
You worshipped Okawaru.
Okawaru was noncommittal.
You were a tree.
You visited 2 branches of the dungeon, and saw 5 of its levels.

You collected 303 gold pieces.

Inventory:

Hand Weapons
 a - a +0 trident (weapon)
Missiles
 g - 137 stones (quivered)
Armour
 b - a +0 scale mail (melded)
 c - a +0 kite shield (worn)
 d - a +0 cloak of willpower
Jewellery
 f - a ring of fire (right branch)
 j - a ring of see invisible (left branch)
Wands
 q - a wand of acid (2)
Scrolls
 h - a scroll of vulnerability {unknown}
 i - a scroll of teleportation
 m - a scroll of identify {unknown}
 n - a scroll of amnesia {unknown}
 o - a scroll of silence {unknown}
 p - a scroll of summoning {unknown}


   Skills:
 + Level 5.8 Fighting
 + Level 5.1 Polearms
 + Level 5.8 Armour
 + Level 5.7 Shields


You had 6 spell levels left.
You didn't know any spells.
Your spell library contained the following spells:

 Spells                   Type           Power      Damage    Failure   Level
 Summon Small Mammal      Summ           0%         N/A       87%         1
 Call Canine Familiar     Summ           0%         N/A       99%         3
 Summon Guardian Golem    Hex/Summ       0%         N/A       99%         3
 Orb of Destruction       Conj           0%         N/A       100%        7
 Spellforged Servitor     Conj/Summ      0%         N/A       100%        7


Dungeon Overview and Level Annotations

Branches:
Dungeon (4/15)             Temple (1/1) D:4

Altars:
Ashenzari
Cheibriados
Dithmenos
Elyvilon
Fedhas
Gozag
Hepliaklqana
Makhleb
Nemelex Xobeh
Okawaru
Qazlal
Ru
Sif Muna
Trog
Uskayaw
Vehumet
Wu Jian
Xom
Yredelemnul
Zin
The Shining One

Annotations:
D:3 hurston's ghost, amateur GrFi


Innate Abilities, Weirdness & Mutations

You are a tree.
Your roots penetrate the ground, keeping you stationary.
You cannot be teleported.
You are immune to unholy pain and torment.
Your maximum health is greatly increased.
Your equipment is partially melded.
((You have a pair of horns on your head.))
((You reflexively headbutt those who attack you in melee.))


Message History

The quasit is severely wounded.
The quasit bites you but does no damage.
The quasit barely misses you.
The quasit claws you but does no damage.
The quasit completely misses you.
The quasit claws you but does no damage. x2
The quasit bites you but does no damage.
The quasit claws you but does no damage. x2
The quasit bites you but does no damage.
The quasit claws you but does no damage. x2
The quasit bites you but does no damage.
The quasit claws you but does no damage. x2
Throw: 139 stones
Press: ? - help, Q - select action, (/) - cycle Shift-Dir - straight line, f/p - quasit
Aim: a quasit (severely wounded, 12% to hit)
You throw a stone. The stone closely misses the quasit.
The quasit bites you but does no damage.
The quasit claws you but does no damage. x2
The quasit barely misses you.
The quasit claws you but does no damage. x2
The quasit bites you but does no damage.
The quasit claws you but does no damage.
The quasit claws you.
* * * LOW HITPOINT WARNING * * *
The quasit bites you but does no damage.
The quasit claws you but does no damage. x2
The quasit bites you.
* * * LOW HITPOINT WARNING * * *
You feel clumsy.
The quasit claws you but does no damage. x2
Throw: 138 stones
Press: ? - help, Q - select action, (/) - cycle Shift-Dir - straight line, f/p - quasit
Aim: a quasit (severely wounded, 12% to hit)
You throw a stone. The stone misses the quasit.
The quasit bites you but does no damage.
The quasit claws you but does no damage. x2
The quasit bites you but does no damage.
The quasit claws you but does no damage.
The quasit claws you.
You die...

...#....###....######.....###.#
...#....)...........#.....#...#
...#....###.........##....#.###
...##..##.#####...).#...#.#.#
...##..#......##............#
...##)##..#.5..##.........#.# ###
##.##.#.#...#...#.#.##..#######.#
...##.# 5#.##..##.#.##......#...#
#...[.##.#...#.#♣5....(####.#.#.#
.......#$#.....##5...### #...#.#
##)...©#!=.©#...#....# #.###.#
.......#..#...#.#...<# #.# #.#
.####.##.....#.##...###########.#
......#..#.#...#..#.............#
.###..#..#.#...#.################
.# #..##.....W.#.#
.###...###.©.###.#


You could see 2 quasits.

Vanquished Creatures
  2 ogres (D:4)
  2 quasits (D:3)
  Crazy Yiuf (D:2)
  An orc priest (D:4)
  An iguana (D:4)
  An orc wizard (D:4)
  A hound skeleton (D:4)
  Robin (D:2)
  3 gnolls (D:4)
  8 adders
  An adder skeleton (D:4)
  A worm (D:2)
  2 dart slugs
  8 orcs
  7 endoplasms
  2 giant cockroaches
  11 goblins
  6 hobgoblins
  2 jackals
  4 quokkas
  5 ball pythons
  2 bats
  4 frilled lizards
  10 kobolds
  5 rats
91 creatures vanquished.

Notes
Turn   | Place    | Note
-------+----------+-------------------------------------------
     0 | D:1      | Metae the Minotaur Fighter began the quest for the Orb.
     0 | D:1      | Reached XP level 1. HP: 19/19 MP: 0/0
   110 | D:1      | Reached XP level 2. HP: 27/27 MP: 1/1
   947 | D:2      | Found a shimmering blue altar of Sif Muna.
   995 | D:2      | Reached XP level 3. HP: 20/33 MP: 2/2
  1290 | D:2      | Noticed Robin
  1322 | D:2      | Killed Robin
  1323 | D:2      | Reached XP level 4. HP: 20/41 MP: 3/3
  1529 | D:2      | Found a runed translucent door.
  1530 | D:2      | Noticed Crazy Yiuf
  1755 | D:2      | Killed Crazy Yiuf
  2117 | D:3      | Reached XP level 5. HP: 41/47 MP: 4/4
  2222 | D:3      | Found a transporter.
  2226 | D:3      | Noticed hurston's ghost (amateur GrFi)
  2429 | D:3      | Found a transporter.
  2593 | D:3      | Found a faded altar of an unknown god.
  2726 | D:4      | Reached skill level 5 in Fighting
  2726 | D:4      | Reached skill level 5 in Armour
  2726 | D:4      | Reached skill level 5 in Shields
  2802 | D:4      | Noticed an ogre
  2814 | D:4      | Killed an ogre
  2815 | D:4      | Reached XP level 6. HP: 30/56 MP: 5/5
  3673 | D:4      | Found a staircase to the Ecumenical Temple.
  3684 | Temple   | Entered the Ecumenical Temple
  3800 | Temple   | Became a worshipper of Warmaster Okawaru
  4497 | D:3      | Reached skill level 5 in Polearms
  4497 | D:3      | Reached XP level 7. HP: 38/59 MP: 6/6
  4499 | D:3      | Lost dexterity.
  4510 | D:3      | HP: 4/84 [quasit (2)]
  4515 | D:3      | HP: 2/84 [quasit (1)]
  4524 | D:3      | HP: 3/87 [quasit (1)]
  4526 | D:3      | HP: 1/87 [quasit (2)]
  4527 | D:3      | Slain by a quasit

Illustrated notes

Levels and vault maps discovered:
D:1:      sevenhm_arrival_forest_fort_large_4, layout_basic, minivault_24,
          corner_web_ring
D:2:      layout_rooms, basic_altar, uniq_crazy_yiuf_cottage, uniq_robin
D:3:      layout_basic, dreamdust_ecumenical_altar_sealed_demon,
          gammafunk_ghost_stat_death
D:4:      layout_basic, minmay_temple_entry_proselytizer
Temple:   kilobyte_greek_temple

Skill      XL: |  1  2  3  4  5  6 |
---------------+-------------------+-----
Fighting       | 4 5 |  5.8
Armour         | 4 5 |  5.8
Shields        | 4 5 |  5.7
Polearms       | 3 4 5 |  5.1

Action                   |  1- 3 |  4- 6 |  7- 9 || total
-------------------------+-------+-------+-------++-------
Melee: Trident           |    94 |   150 |     8 ||   252
       Headbutt          |     9 |    29 |       ||    38
Throw: Stone             |       |       |     4 ||     4
Evoke: Wand              |       |       |     5 ||     5
  Use: Potion            |       |     2 |     1 ||     3
       Scroll            |       |       |     2 ||     2
Armor: Scale mail        |    43 |   104 |    84 ||   231
       Skin              |       |       |   252 ||   252
Dodge: Dodged            |    17 |    67 |    42 ||   126
Block: Kite shield       |    41 |    84 |     7 ||   132
